 Dungeon Sprint DCSS version 0.21-a0-434-g806c6c2 (webtiles) character file.

10049 theanonym the Severer (level 11, -1/84 HPs)
             Began as a Gargoyle Fighter on Nov 8, 2017.
             Was the Champion of Makhleb.
             Slain by a black draconian
             ... wielding a +0 halberd
              (11 damage)
             ... in the Dungeon (Sprint V: "Ziggurat Sprint").
             The game lasted 00:06:41 (274 turns).

theanonym the Severer (Gargoyle Fighter)             Turns: 274, Time: 00:06:42

Health: -1/84      AC: 31    Str: 38    XL:     11   Next: 56%
Magic:  11/11      EV:  2    Int: 10    God:    Makhleb [******]
Gold:   0          SH: 33    Dex:  9    Spells: 10/10 levels left

rFire    . . .     SeeInvis +   G - +14 obsidian axe {chop, +Fly SInv *Curse} (curse)
rCold    + . .     Gourm    .   I - +18 shield of the Gong {rElec rN+ MR+ EV-5}
rNeg     + + +     Faith    .   g - +5 gold dragon scales
rPois    ∞         Spirit   .   (no helmet)
rElec    +         Reflect  +   (no cloak)
rCorr    .         Harm     .   k - +1 pair of gloves {archery}
MR       +....     NoTele   +   (no boots)
Stlth    ..........             K - amulet of Joorucat {Reflect rF- rN+ Str+2 SH+3 SInv}
HPRegen  0.24/turn              E - +6 ring of strength
MPRegen  0.12/turn              F - +6 ring of strength

@: mesmerised
A: clever 1, negative energy resistance 1, electricity resistance, unbreathing,
petrification resistance, rot immunity, AC +8
a: Minor Destruction, Lesser Servant of Makhleb, Major Destruction, Greater
Servant of Makhleb, Renounce Religion, Evoke Flight


Innate Abilities, Weirdness & Mutations

You are resistant to torment.
Your stone body is resilient. (AC +8)
You are immune to poison.
You resist negative energy. (rN+)
You are resistant to electric shocks. (rElec)
You can survive without breathing.
You are immune to petrification.
You are immune to rotting.
Your mind is acute. (Int +2)


   Skills:
 + Level 16.5 Fighting
 - Level 18.0 Axes
 + Level 7.8 Armour
 + Level 5.3 Dodging
 + Level 7.8 Shields


You had 10 spell levels left.
You didn't know any spells.

Skill      XL: |  1  2  3  4  5  6  7  8  9 10 11 |
---------------+----------------------------------+-----
Fighting       | 5 9 10 12 14 15 16 | 16.5
Axes           | 5 10 12 13 14 16 17 18 | 18.0
Dodging        | 2 5 |  5.3
Armour         | 4 7 |  7.8
Shields        | 4 7 |  7.8

Action                   |  1- 3 |  4- 6 |  7- 9 | 10-12 || total
-------------------------+-------+-------+-------+-------++-------
Melee: Broad axe         |     7 |       |    14 |    51 ||    72
Evoke: Wand              |     1 |       |       |       ||     1
  Use: Potion            |     1 |       |       |       ||     1
 Stab: Distracted        |       |       |       |     1 ||     1
Armor: Gold dragon scale |       |       |     4 |    22 ||    26
Dodge: Dodged            |       |       |       |     1 ||     1
Block: Shield            |    14 |       |    26 |    60 ||   100

Inventory:

Hand Weapons
 n - a +7 hand crossbow
   (You found it in the Dungeon)
 G - the cursed +14 obsidian axe (weapon) {chop, +Fly SInv *Curse}
   (You found it in the Dungeon)

   It inflicts extra damage upon your enemies.
   It lets you see invisible.
   It lets you fly.
   It curses itself when equipped.
   It has a curse placed upon it.
Armour
 g - +5 gold dragon scales (worn)
   (You found it in the Dungeon)
 k - a +1 pair of gloves of archery (worn)
   (You found it in the Dungeon)
 H - the +15 Maxwell's patent armour {-Cast -Tele rElec MR+ rCorr}
   (You found it in the Dungeon)

   It insulates you from electricity.
   It affects your resistance to hostile enchantments.
   It prevents spellcasting.
   It prevents most forms of teleportation.
   It protects you from acid and corrosion.
 I - the +18 shield of the Gong (worn) {rElec rN+ MR+ EV-5}
   (You found it in the Dungeon)

   It affects your evasion (-5).
   It insulates you from electricity.
   It protects you from negative energy.
   It affects your resistance to hostile enchantments.
Jewellery
 a - an uncursed ring of protection from fire {rF+}
   (You found it in the Dungeon)
 E - a +6 ring of strength (left hand)
   (You found it in the Dungeon)
 F - a +6 ring of strength (right hand)
   (You found it in the Dungeon)
 K - the amulet of Joorucat (around neck) {Reflect rF- rN+ Str+2 SH+3 SInv}
   (You found it in the Dungeon)

   [amulet of reflection]

   It shields you and reflects attacks.
   It affects your strength (+2).
   It makes you vulnerable to fire.
   It protects you from negative energy.
   It lets you see invisible.
   It affects your SH (+3).
Wands
 y - a wand of acid (5/15)
   (You found it in the Dungeon)
 B - a wand of disintegration (7/24)
   (You found it in the Dungeon)
 C - a wand of iceblast (4/15)
   (You found it in the Dungeon)
 D - a wand of lightning (5/15)
   (You found it in the Dungeon)
Scrolls
 b - 4 scrolls of blinking
 f - 7 scrolls of fog {!r}
 r - 5 scrolls of identify
 s - 2 scrolls of fear {!r}
 u - a scroll of holy word
 v - 4 scrolls of amnesia
 w - 3 scrolls of recharging
 x - 5 scrolls of remove curse
 L - 4 scrolls of enchant weapon
 M - a scroll of brand weapon
Potions
 d - 6 potions of might
 e - 10 potions of curing
 h - 10 potions of haste
 i - 7 potions of magic
 j - 3 potions of berserk rage
 l - 6 potions of agility
 m - 2 potions of brilliance
 o - 2 potions of invisibility
 p - 4 potions of resistance
 q - 10 potions of heal wounds
Miscellaneous
 c - 2 phantom mirrors
 J - a lamp of fire
   (You found it in the Dungeon)
Comestibles
 t - 5 bread rations
 z - 42 fruits
 A - 4 meat rations

Dungeon Overview and Level Annotations

Branches:
Dungeon (1/1)

Altars:
Ashenzari
Cheibriados
Dithmenos
Elyvilon
Fedhas
Gozag
Hepliaklqana
Kikubaaqudgha
Makhleb
Nemelex Xobeh
Okawaru
Qazlal
Ru
Sif Muna
Trog
Uskayaw
Vehumet
Wu Jian
Xom
Yredelemnul
Zin
The Shining One
Beogh
Jiyva
Lugonu

Annotations:
D 1 transporter You were in the Dungeon. You worshipped Makhleb. Makhleb was exalted by your worship. You were not hungry. You visited 1 branch


Message History

You block the azure jelly's attack.
GONNNNG!
The azure jelly hits you but does no damage.
You block the azure jelly's attack.
GONNNNG!
Your sun demon hits the azure jelly!!
You break out of your daze!
The azure jelly dies!
Makhleb accepts your kill.
Your Armour skill increases to level 7!
Your Dodging skill increases to level 5!
Your Shields skill increases to level 7!
The large slime creature hits you but does no damage.
Health restored: 84 You slice the large slime creature like a ripe choko!!!
Your shield and gold dragon scales prevent you from hitting the ooze.
Visions of slaying the large slime creature flood into your mind.
You block the ooze's attack.
GONNNNG!
A large slime creature splits.
Your soul eater hits the slime creature.
Your soul eater drains the slime creature!
You slice the slime creature!!
You are no longer entranced.
You kill the slime creature!
Makhleb accepts your kill.
You slice the ooze!!
You kill the ooze!
Makhleb accepts your kill.
You slice the slime creature!!
You kill the slime creature!
Makhleb accepts your kill.
No target in view!
No target in view!
No target in view!
You see here 4 scrolls of enchant weapon.
L - 4 scrolls of enchant weapon A +1 chain mail of cold resistance.
The floor.
You see here a +2 flail of protection.
You see here an uncursed staff of earth.
You see here a scroll of brand weapon.
M - a scroll of brand weapon You see here a fan of gales.
There is a transporter here.
Welcome to arena 12.
You enter the transporter and appear at another place. 2 black draconians, 2 purple draconians and a white draconian come into view.
Visions of slaying the white draconian flood into your mind.
The black draconian roars! x2; The purple draconian roars! x2
The white draconian unwields an uncursed mace.
The white draconian drops an uncursed mace.
The white draconian picks up a +0 vampiric hand axe.
The white draconian wields a +0 vampiric hand axe.
The purple draconian breathes dispelling energy at you.
The bolt of dispelling energy hits your orange demon.
The black draconian breathes lightning at you.
The bolt of lightning hits your orange demon.
Your orange demon dies!
The bolt of lightning hits you! You resist.
Your soul eater draws from the surrounding life force!
Found four items.
A purple draconian, 2 red draconians and a white draconian come into view.
Unknown command.
Unknown command.
You take 4 damage, and have 80/84 hp.
Unknown command.
A draconian knight and a draconian scorcher come into view.
Visions of slaying the black draconian flood into your mind.
Your soul eater draws from the surrounding life force!
The purple draconian breathes dispelling energy at you.
The bolt of dispelling energy hits you!
Your magical effects are unravelling.
The bolt of dispelling energy hits your soul eater.
The black draconian breathes lightning at you.
The bolt of lightning hits you! You resist.
Found six items.
You take 5 damage, and have 75/84 hp.
Unknown command.
Unknown command.
Visions of slaying the purple draconian flood into your mind.
The black draconian breathes lightning at you.
The bolt of lightning hits your sun demon.
Your sun demon resists.
The bolt of lightning hits you! You resist.
Your soul eater draws from the surrounding life force!
Your soul eater is healed.
The purple draconian breathes dispelling energy at you.
The bolt of dispelling energy hits you!
Your magical effects are unravelling.
The purple draconian breathes dispelling energy at you.
The bolt of dispelling energy hits you!
Found a transporter.
You take 25 damage, and have 50/84 hp.
MASSIVE DAMAGE!!
Unknown command.
Visions of slaying the red draconian flood into your mind.
The purple draconian breathes dispelling energy at you.
The bolt of dispelling energy hits you!
Your magical effects are unravelling.
* * * LOW HITPOINT WARNING * * *
The black draconian hits you from afar with a halberd!
You die...

▓....©....
▓▓▓▓▓▓▓▓▓▓▓▓▓▓▓▓▓▓▓▓▓▓
▓...8©8...▓...8©8...▓.
▓..}:[}|[.▓..)}[))..▓.
▓..||d):..▓...|).)..▓.
▓..dqdq...▓.........▓.
▓..ddd.dd.▓.........▓.
▓..3.d....▓.........▓.
▓....@....▓.........▓.
▓..▓...▓..▓.........▓.
▓.▓.....▓.▓.........▓.
▓...3©....▓....©....▓▓
▓▓▓▓▓▓▓▓▓▓▓▓▓▓▓▓▓▓▓▓▓


You could see a yellow draconian knight (invisible), 2 draconians, 3 draconians,
2 draconians, 2 draconians, a black draconian scorcher, a friendly soul eater
and a friendly sun demon.

Notes
Turn   | Place    | Note
-------+----------+-------------------------------------------
     0 | D        | Found the +6 Majin-Bo {vamp, Archmagi MP+6 Int+6}
     0 | D        | Found the +7 great mace "Firestarter" {inner flame, rF++}
     0 | D        | theanonym the Gargoyle Fighter began the quest for the Orb.
     0 | D        | Reached XP level 1. HP: 14/14 MP: 1/1
     4 | D        | Found a blossoming altar of Fedhas.
     5 | D        | Found a deep blue altar of Sif Muna.
     5 | D        | Found a sacrificial altar of Ru.
     5 | D        | Found a bloodstained altar of Trog.
     5 | D        | Found a stormy altar of Qazlal.
     5 | D        | Found an iron altar of Okawaru.
     5 | D        | Found a sparkling altar of Nemelex Xobeh.
     7 | D        | Found a transporter.
     7 | D        | Found an ancient bone altar of Kikubaaqudgha.
     7 | D        | Found a viscous altar of Jiyva.
     7 | D        | Found a corrupted altar of Lugonu.
     7 | D        | Found a hazy altar of Hepliaklqana.
     7 | D        | Found a burning altar of Makhleb.
     7 | D        | Found an opulent altar of Gozag.
    22 | D        | Found the +9 heavy crossbow "Sniper" {velocity, Acc+∞ SInv}
    22 | D        | Found the +10 dark maul {crush}
    22 | D        | Found the +15 Maxwell's patent armour {-Cast -Tele rElec MR+ rCorr}
    22 | D        | Found the +18 shield of the Gong {rElec rN+ MR+ EV-5}
    22 | D        | Found the cursed +14 obsidian axe {chop, +Fly SInv *Curse}
    24 | D        | Found the +6 shillelagh "Devastator" {shatter}
    24 | D        | Found the +11 plutonium sword {*Contam Stlth-}
    24 | D        | Found the +8 lance "Wyrmbane" {slay drac, rPois rF+ rC+ AC+3}
    24 | D        | Found the +9 sword of Zonguldrok {reap}
    24 | D        | Found the cursed +13 scythe of Curses {drain, *Curse}
    24 | D        | Found the +0 sword of Power
    24 | D        | Found the +15 mace of Variability {chaos}
    24 | D        | Found the +7 Singing Sword
    24 | D        | Found the +7 longbow "Piercer" {penet, EV-2}
    64 | D        | Became a worshipper of Makhleb the Destroyer
    69 | D        | Reached skill level 5 in Fighting
    69 | D        | Reached skill level 5 in Axes
    69 | D        | Reached XP level 2. HP: 22/22 MP: 2/2
    72 | D        | Entered arena 2.
    72 | D        | Noticed a draconian
    72 | D        | Noticed a draconian
    72 | D        | Found a transporter.
    80 | D        | Killed a draconian
    80 | D        | Reached skill level 9 in Fighting
    80 | D        | Reached skill level 10 in Axes
    80 | D        | Reached XP level 3. HP: 32/32 MP: 3/3
    80 | D        | Reached XP level 4. HP: 36/36 MP: 4/4
    80 | D        | Reached XP level 5. HP: 41/41 MP: 5/5
    80 | D        | Reached XP level 6. HP: 47/47 MP: 6/6
    80 | D        | Killed a draconian
    80 | D        | Reached skill level 10 in Fighting
    80 | D        | Reached skill level 12 in Axes
    80 | D        | Reached XP level 7. HP: 53/53 MP: 7/7
    87 | D        | Entered arena 3.
    87 | D        | Noticed a draconian
    87 | D        | Noticed a yellow draconian
    87 | D        | Noticed a draconian
    87 | D        | Found a transporter.
    93 | D        | Killed a yellow draconian
    93 | D        | Reached * piety under Makhleb
    93 | D        | Reached skill level 12 in Fighting
    93 | D        | Reached skill level 13 in Axes
    93 | D        | Reached XP level 8. HP: 50/60 MP: 8/8
    96 | D        | Killed a draconian
    96 | D        | Reached skill level 14 in Axes
    96 | D        | Reached XP level 9. HP: 56/67 MP: 9/9
    97 | D        | Killed a draconian
    97 | D        | Reached skill level 13 in Fighting
   101 | D        | Entered arena 4.
   101 | D        | Noticed a draconian
   101 | D        | Noticed a draconian
   101 | D        | Noticed a draconian
   101 | D        | Noticed a draconian
   101 | D        | Found a transporter.
   106 | D        | Killed a draconian
   106 | D        | Reached ** piety under Makhleb
   106 | D        | Reached skill level 15 in Axes
   108 | D        | Killed a draconian
   110 | D        | Killed a draconian
   110 | D        | Reached skill level 14 in Fighting
   110 | D        | Reached skill level 16 in Axes
   110 | D        | Killed a draconian
   110 | D        | Reached XP level 10. HP: 75/75 MP: 10/10
   116 | D        | Entered arena 5.
   116 | D        | Found a transporter.
   118 | D        | Reached *** piety under Makhleb
   129 | D        | Entered arena 6.
   129 | D        | Found a transporter.
   131 | D        | Reached **** piety under Makhleb
   148 | D        | Entered arena 7.
   148 | D        | Noticed a deep elf mage
   148 | D        | Noticed a deep elf mage
   148 | D        | Noticed a deep elf mage
   149 | D        | Found a transporter.
   153 | D        | Killed a deep elf mage
   153 | D        | Reached ***** piety under Makhleb
   155 | D        | Killed a deep elf mage
   158 | D        | Killed a deep elf mage
   158 | D        | Reached skill level 15 in Fighting
   158 | D        | Reached skill level 17 in Axes
   167 | D        | Entered arena 8.
   174 | D        | Reached ****** piety under Makhleb
   176 | D        | Found a transporter.
   193 | D        | Entered arena 9.
   194 | D        | Found a transporter.
   202 | D        | Reached skill level 1 in Dodging
   213 | D        | Entered arena 10.
   213 | D        | Gained mutation: Your mind is acute. (Int +2) [a neqoxec]
   214 | D        | Found a transporter.
   219 | D        | Reached skill level 4 in Armour
   219 | D        | Reached skill level 4 in Shields
   231 | D        | Got the amulet of Joorucat {Reflect rF- rN+ Str+2 SH+3 SInv}
   234 | D        | Entered arena 11.
   234 | D        | Noticed a wolf spider
   234 | D        | Noticed a wolf spider
   235 | D        | Found a transporter.
   237 | D        | Reached skill level 2 in Dodging
   238 | D        | Killed a wolf spider
   238 | D        | Reached XP level 11. HP: 82/82 MP: 11/11
   239 | D        | Killed a wolf spider
   239 | D        | Reached skill level 18 in Axes
   239 | D        | Reached skill level 5 in Armour
   239 | D        | Reached skill level 5 in Shields
   239 | D        | Reached skill level 3 in Dodging
   248 | D        | Entered arena 12.
   248 | D        | Noticed a death ooze
   249 | D        | Noticed an azure jelly
   250 | D        | Found the +8 demon blade "Leech" {vamp, rN+ AC-3 EV-3}
   250 | D        | Found a transporter.
   250 | D        | Paralysed by a floating eye for 2 turns
   254 | D        | Killed a death ooze
   254 | D        | Reached skill level 16 in Fighting
   254 | D        | Reached skill level 6 in Armour
   254 | D        | Reached skill level 6 in Shields
   254 | D        | Reached skill level 4 in Dodging
   256 | D        | Killed an azure jelly
   256 | D        | Reached skill level 7 in Armour
   256 | D        | Reached skill level 5 in Dodging
   256 | D        | Reached skill level 7 in Shields
   271 | D        | Entered arena 13.
   271 | D        | Noticed a black draconian
   271 | D        | Noticed a black draconian
   271 | D        | Noticed a white draconian
   271 | D        | Noticed a purple draconian
   271 | D        | Noticed a purple draconian
   272 | D        | Noticed a red draconian
   272 | D        | Noticed a purple draconian
   272 | D        | Noticed a red draconian
   272 | D        | Noticed a white draconian
   272 | D        | Noticed a yellow draconian knight
   272 | D        | Noticed a black draconian scorcher
   273 | D        | Found a transporter.
   274 | D        | HP: 10/84 [purple draconian/bolt of dispelling energy (41)]
   274 | D        | Slain by a black draconian

Vanquished Creatures
  A death ooze (D)
  3 deep elf magi (D)
  2 wolf spiders (D)
  3 slime creatures (D)
  7 draconians (D)
  An ice devil (D)
  A raiju (D)
  3 spriggans (D)
  An air elemental (D)
  A yak (D)
  A redback (D)
  A fire elemental (D)
  A tarantella (D)
  2 floating eyes (D)
  A black bear (D)
  3 wolves (D)
  An earth elemental (D)
  A scorpion (D)
  A crimson imp (D)
  A jelly (D)
  2 orc priests (D)
  A quasit (D)
  2 iron imps (D)
  2 shadow imps (D)
  3 white imps (D)
  An ooze (D)
  An orc (D)
48 creatures vanquished.

Vanquished Creatures (collateral kills)
  An azure jelly (D)
  A yellow draconian (D)
  A draconian (D)
  A small abomination (D)
  A tarantella (D)
  A neqoxec (D)
  A porcupine (D)
  3 scorpions (D)
  An orc wizard (D)
  A river rat (D)
  2 shadow imps (D)
  An orc (D)
15 creatures vanquished.

Grand Total: 63 creatures vanquished
